 Dungeon Crawl Stone Soup version 0.28.0-49-g6dfe1f597d (webtiles) character file.

Game seed: 14454763882820149371

1927 Kniotic the Jinx (level 8, -6/36 HPs)
             Began as a Spriggan Enchanter on May 11, 2022.
             Was an Initiate of Gozag.
             Mangled by a troll (9 damage)
             ... on level 6 of the Dungeon.
             The game lasted 00:26:03 (11913 turns).

Kniotic the Jinx (Spriggan Enchanter)              Turns: 11913, Time: 00:26:04

Health: -6/36      AC:  2    Str:  4    XL:     8   Next: 96%
Magic:  22/22      EV: 21    Int: 19    God:    Gozag
Gold:   127        SH:  0    Dex: 15    Spells: 7/12 levels left

rFire   + . .      SeeInvis +   y - +5 rapier "Ekkentowk" {vorpal, rF+}
rCold   . . .      Faith    .   (no shield)
rNeg    + . .      Spirit   .   b - +0 robe
rPois   .          Reflect  .   (helmet restricted)
rElec   .          Harm     .   (no cloak)
rCorr   .          Rampage  .   (gloves unavailable)
Will    +....                   (boots unavailable)
Stlth   ++++......              k - amulet of magic regeneration
HPRegen 0.12/turn               f - ring of positive energy
MPRegen 0.58/turn               t - ring of magical power

@: invisible, very quick
A: very small, no large weapons, unfitting armour, see invisible, speed 3
a: Renounce Religion, Potion Petition, Call Merchant, Bribe Branch


You were on level 6 of the Dungeon.
You worshipped Gozag.
Gozag was aware of your devotion.
You visited 2 branches of the dungeon, and saw 9 of its levels.

You collected 461 gold pieces.
You spent 252 gold pieces at shops.
You paid 82 gold pieces to Gozag.

Inventory:

Hand Weapons
 s - a +1 dagger of venom
 y - the +5 rapier "Ekkentowk" (weapon) {vorpal, rF+}
   (You bought it in a shop on level 4 of the Dungeon)

   It inflicts extra damage upon your enemies.
   rF:        It protects you from fire.
 z - a +0 club
Missiles
 a - 4 boomerangs of dispersal (quivered)
Armour
 b - a +0 robe (worn)
Jewellery
 f - a ring of positive energy (left hand)
 i - an amulet of guardian spirit
 k - an amulet of magic regeneration (around neck)
 t - a ring of magical power (right hand)
Wands
 u - a wand of iceblast (10)
Scrolls
 d - 7 scrolls of identify {unknown}
 h - 2 scrolls of blinking {unknown}
 j - a scroll of amnesia {unknown}
 m - 3 scrolls of enchant weapon {unknown}
 n - a scroll of vulnerability {unknown}
 o - a scroll of summoning {unknown}
 q - a scroll of fear {unknown}
 r - a scroll of teleportation {unknown}
 w - a scroll of noise {unknown}
 A - a scroll of torment {unknown}
 B - a scroll of immolation {unknown}
Potions
 e - 2 potions of curing {unknown}
 g - 2 potions of flight {unknown}
 l - a potion of mutation {unknown}
 p - a potion of cancellation {unknown}
 v - 2 potions of heal wounds {unknown}
 x - a potion of brilliance {unknown}


   Skills:
 - Level 5.0 Short Blades
 * Level 8.1 Dodging
 - Level 8.0 Stealth
 - Level 2.6 Spellcasting
 + Level 10.1 Hexes


You had 7 spell levels left.
You knew the following spells:

 Your Spells              Type           Power      Damage    Failure   Level
a - Ensorcelled Hibernat  Hex/Ice        42%        N/A       3%          2
b - Confusing Touch       Hex            41%        N/A       1%          3

Your spell library contained the following spells:

 Spells                   Type           Power      Damage    Failure   Level
 Tukima's Dance           Hex            41%        N/A       1%          3
 Dazzling Flash           Conj/Hex       42%        N/A       6%          3
 Corpse Rot               Necr/Air       4%         N/A       24%         2
 Dispel Undead            Necr           2%         3d7       83%         4
 Death Channel            Necr           1%         N/A       100%        6


Dungeon Overview and Level Annotations

Branches:
Dungeon (8/15)             Temple (1/1) D:5
   Lair: D:8-11

Altars:
Ashenzari
Cheibriados
Dithmenos
Elyvilon
Fedhas
Gozag
Hepliaklqana
Kikubaaqudgha
Makhleb
Ru
Sif Muna
Trog
Uskayaw
Vehumet
Wu Jian
Xom
Yredelemnul
Zin
The Shining One

Shops:
D:1 *   D:4 **

Annotations:
D:5 2 transporters, Cak3Hol3's ghost, amateur TrTm
D:7 2 runed translucent doors, Name63's ghost, amateur FeTm


Innate Abilities, Weirdness & Mutations

You are very small and have problems with some larger weapons.
You are too small for most types of armour.
You have supernaturally acute eyesight. (SInv)
You cover ground extremely quickly. (Speed+++)


Message History

There is a stone staircase leading up here.
You start resting.
Magic restored.
You start resting.
HP restored.
You fade into invisibility!
You climb upwards.
The troll misses you. The troll closely misses you.
The troll completely misses you. The troll misses you.
The troll barely misses you. The troll completely misses you.
There is a stone staircase leading down here.
You strike the helpless troll from behind!
You puncture the troll!
The troll is moderately wounded.
The troll misses you. The troll claws you. The troll completely misses you.
The troll closely misses you. The troll completely misses you.
The troll closely misses you.
You hit the troll.
The troll is heavily wounded.
The troll closely misses you. The troll completely misses you.
The troll misses you. The troll bites you! The troll misses you.
The troll completely misses you.
You puncture the troll!
The troll is severely wounded.
The troll bites you!!
Ouch! That really hurt!
* * * LOW HITPOINT WARNING * * *
The troll completely misses you. The troll barely misses you.
The troll completely misses you. The troll misses you.
The troll closely misses you.
You hit the troll.
The troll is almost dead.
You hit the troll but do no damage. The troll barely misses you.
The troll misses you. The troll closely misses you.
You catch the helpless troll completely off-guard!
You puncture the troll!
The troll is heavily wounded.
The troll misses you. The troll completely misses you.
The troll closely misses you. The troll bites you!
You die...
Your body crumbles into a pile of gold. #........# $$$$ #..>.....# $$$$ ##.......# $$$$ ##.....## $$$$

##################$$$$
#....$....#$$$$
#...[#....#$$$$
#TT..#.T..#$$$$
#@...#...$#$$$$
#########'#
#.#........8#
##.#.........#
#..#.........#
##.##8........'.
#..##############
#####.#####..........
#......##...#.###..##


You could see 2 trolls.

Vanquished Creatures
  2 yaks (D:8)
  A necrophage (D:6)
  A phantom (D:6)
  3 bullfrogs
  3 scorpions
  Blork the orc (D:6)
  A wyvern zombie (D:6)
  A water moccasin zombie (D:5)
  2 water moccasin skeletons
  5 wights
  A centaur zombie (D:6)
  A hound (D:6)
  A bullfrog zombie (D:5)
  2 orc priests (D:6)
  2 bullfrog skeletons (D:5)
  3 iguanas (D:5)
  2 orc wizards (D:6)
  A killer bee zombie (D:7)
  A howler monkey zombie (D:5)
  9 gnolls
  A howler monkey skeleton (D:4)
  7 adders
  A white imp (D:6)
  A worm (D:2)
  An adder skeleton (D:4)
  A dart slug (D:4)
  11 orcs
  7 ball pythons
  5 bats
  8 endoplasms
  3 giant cockroaches
  9 goblins
  9 hobgoblins
  4 jackals (D:1)
  9 kobolds
  3 frilled lizards
  4 rats
127 creatures vanquished.

Vanquished Creatures (others)
  8 bushes (D:6)
8 creatures vanquished.

Grand Total: 135 creatures vanquished

Notes
Turn   | Place    | Note
-------+----------+-------------------------------------------
     0 | D:1      | Kniotic the Spriggan Enchanter began the quest for the Orb.
     0 | D:1      | Reached XP level 1. HP: 9/9 MP: 5/5
   265 | D:1      | Found Gaymelan's General Store.
   270 | D:1      | Reached XP level 2. HP: 13/13 MP: 6/6
  1059 | D:1      | Reached skill level 5 in Stealth
  1253 | D:1      | Reached skill level 4 in Hexes
  1280 | D:1      | Learned a level 2 spell: Ensorcelled Hibernation
  1349 | D:2      | Reached XP level 3. HP: 15/16 MP: 8/8
  1353 | D:2      | Learned a level 3 spell: Confusing Touch
  4144 | D:4      | Found Wipuddam's Assorted Antiques.
  4395 | D:4      | Reached XP level 4. HP: 19/20 MP: 6/9
  5129 | D:4      | Found Jeizximyu's Assorted Antiques.
  5143 | D:4      | Reached XP level 5. HP: 24/24 MP: 5/10
  5707 | D:4      | Reached skill level 5 in Hexes
  5777 | D:4      | Reached XP level 6. HP: 21/28 MP: 11/11
  6032 | D:5      | Entered Level 5 of the Dungeon
  6085 | D:5      | Noticed a sky beast
  6304 | D:5      | Reached skill level 5 in Short Blades
  6388 | D:5      | Found a transporter.
  6407 | D:5      | Noticed Cak3Hol3's ghost (amateur TrTm)
  6458 | D:5      | Found a transporter.
  6472 | D:5      | Reached skill level 6 in Hexes
  6573 | D:5      | Found a staircase to the Ecumenical Temple.
  6629 | Temple   | Entered the Ecumenical Temple
  6866 | Temple   | Became a worshipper of Gozag Ym Sagoz the Greedy
  6913 | D:5      | Reached XP level 7. HP: 32/32 MP: 12/12
  7374 | D:5      | Reached skill level 7 in Hexes
  7720 | D:6      | Reached skill level 8 in Hexes
  7806 | D:4      | Bought a fine rapier for 252 gold pieces
  7806 | D:4      | Identified the +5 rapier "Ekkentowk" {vorpal, rF+} (You
                  | bought it in a shop on level 4 of the Dungeon)
  9436 | D:6      | HP: 1/32 [wyvern zombie (12)]
 10141 | D:7      | Found a large runed translucent door.
 10142 | D:7      | Found a large runed translucent door.
 10184 | D:6      | Reached XP level 8. HP: 32/36 MP: 13/13
 10201 | D:6      | Reached skill level 9 in Hexes
 10368 | D:6      | Noticed Blork the orc
 10395 | D:6      | Killed Blork the orc
 10396 | D:6      | Reached skill level 5 in Dodging
 10529 | D:6      | Noticed a gargoyle
 11306 | D:6      | Reached skill level 10 in Hexes
 11602 | D:7      | Noticed Name63's ghost (amateur FeTm)
 11619 | D:6      | Noticed a troll
 11620 | D:6      | Noticed a troll
 11913 | D:6      | Mangled by a troll

Illustrated notes

Levels and vault maps discovered:
D:1:      minmay_arrival_three_doors, layout_basic, serial_shops,
          nicolae_shop_hallway_plus
D:2:      layout_loops_corners, minmay_misc_feat_hallway, minmay_pentomino_pile
D:3:      layout_basic
D:4:      layout_basic, serial_shops, shop, nicolae_shop_overgrown_old_shop
D:5:      layout_rooms, minmay_temple_entry_statues_pillars,
          gammafunk_ghost_arena, dk_noncrumbling_2
D:6:      minmay_klotski, layout_rooms, uniq_blork_the_orc
D:7:      layout_gridville, kennysheep_mini, ebering_ghost_disaster_area,
          serial_shops, shop, nrook_campfire
D:8:      gammafunk_corrupted_shrine, layout_basic,
          nemelex_xobeh_ov_fountains_minmay, chequers_ossuary_entry_cave
Temple:   mainiacjoe_temple_bowtie_tessellation

Skill      XL: |  1  2  3  4  5  6  7  8 |
---------------+-------------------------+-----
Short Blades   | 2 3 4 5 |  5.0
Stealth        | 5 6 7 8 |  8.0
Hexes          | 4 5 6 8 10 | 10.1
Dodging        | 3 8 |  8.1
Spellcasting   | |  2.6

Action                   |  1- 3 |  4- 6 |  7- 9 || total
-------------------------+-------+-------+-------++-------
Melee: Dagger            |   255 |   103 |    36 ||   394
       Punch             |     3 |       |     3 ||     6
       Rapier            |       |       |    99 ||    99
 Cast: Ensorcelled Hiber |     3 |    23 |    39 ||    65
       Confusing Touch   |     1 |     4 |    18 ||    23
  Use: Potion            |       |       |     1 ||     1
 Stab: Sleeping          |    14 |    24 |    19 ||    57
       Distracted        |     1 |       |     1 ||     2
       Confused          |     1 |     5 |    12 ||    18
       Invisible         |       |       |     2 ||     2
Armor: Robe              |    24 |     6 |     6 ||    36
Dodge: Dodged            |   218 |    50 |   131 ||   399
